AoeStats
← RCL Belier

Hideout

507960119Analyzed
1v1 RM · 11d ago on Sep 20, 2026· 43m 18s· 2 players
Game mode
Random Map
Map size
Tiny (2 player)
Population
200
Speed
Normal
Resources
Standard
Victory
Conquest
Starting age
Dark Age
Ending age
Imperial Age
RankedLock teamsTeams togetherTeam positionsShared explorationLock speedFull tech treeHidden civsTurbo modeCheats
Victory
Defeat
🇫🇷 Wei · France
1034
+16
🇩🇪 Italians · Germany
1033
-16
OnlYKnuT
7:11 Loom
10:57 Feudal Age
15:36 Castle Age
13:46 Double-Bit Axe
13:44 Horse Collar
15:18 Wheelbarrow
16:53 Bow Saw
17:50 Heavy Plow
18:53 Stone Mining
21:53 Fletching
22:54 Squires
23:47 Gold Mining
29:35 Imperial Age
27:33 Ballistics
27:53 Bloodlines
27:47 Padded Archer Armor
27:56 Town Watch
28:36 Husbandry
29:41 Scale Barding Armor
29:47 Thumb Ring
30:45 Conscription
30:20 Cavalier
31:10 Bodkin Arrow
31:55 Devotion
33:40 Chemistry
33:09 Hand Cart
33:59 Elite Genoese Crossbowman
35:38 Chain Barding Armor
35:31 Forging
35:44 Masonry
36:24 Bracer
37:56 Pirotechnia
38:16 Leather Archer Armor
39:02 Elite Skirmisher
41:30 Ring Archer Armor
RCL Belier
0:35 Loom
11:48 Feudal Age
13:15 Wheelbarrow
12:35 Double-Bit Axe
12:35 Horse Collar
19:25 Castle Age
17:55 Gold Mining
17:56 Stone Mining
20:52 Gold Shaft Mining
21:41 Bow Saw
22:11 Fletching
22:22 Padded Archer Armor
22:47 Thumb Ring
22:49 Bodkin Arrow
22:54 Town Watch
23:20 Heavy Plow
26:08 Hand Cart
30:03 Imperial Age
30:09 Imperial Age
30:49 Stone Shaft Mining
31:40 Crop Rotation
31:39 Parthian Tactics
31:41 Ballistics
32:21 Chemistry
32:07 Onager
35:42 Conscription
35:50 Ming Guang Armor
35:28 Tuntian
36:51 Bloodlines
36:41 Husbandry
37:13 Heavy Hei Guang Cavalry
38:20 Forging
38:16 Scale Barding Armor
38:15 Bracer
38:31 Leather Archer Armor
38:27 Forging
38:23 Scale Barding Armor
Connection lost

Rejoining the realm…

Still unreachable

The connection could not be restored.

Session expired

The server has moved on; the page needs a fresh start.